 Dungeon Crawl Stone Soup version 0.23.0-3-gf3c87f2 (webtiles) character file.

Game seed: 9482760487207171758

63 Lanoc the Skirmisher (level 3, 0/31 HPs)
             Began as a Demonspawn Monk on Feb 23, 2019.
             Slain by a kobold
             ... wielding a +0 dagger
              (2 damage)
             ... on level 2 of the Dungeon.
             The game lasted 00:03:14 (1197 turns).

Lanoc the Skirmisher (Demonspawn Monk)              Turns: 1197, Time: 00:03:17

Health: 0/31       AC:  2    Str: 12    XL:     3   Next: 87%
Magic:  3/3        EV: 13    Int: 11    God:
Gold:   62         SH:  0    Dex: 15    Spells: 2/2 levels left

rFire    . . .     SeeInvis .   a - +0 falchion
rCold    + . .     Gourm    .   (no shield)
rNeg     . . .     Faith    .   b - +0 robe
rPois    .         Spirit   .   (helmet restricted)
rElec    .         Reflect  .   (no cloak)
rCorr    .         Harm     .   (no gloves)
MR       .....                  (no boots)
Stlth    ++........             (no amulet)
HPRegen  0.10/turn              (no ring)
MPRegen  0.08/turn              (no ring)

@: lethally poisoned (0 -> -7), drained
A: antennae 1, cold resistance 1, robust 1
a: no special abilities


You were on level 2 of the Dungeon.
You were not hungry.

You visited 1 branch of the dungeon, and saw 2 of its levels.

You collected 62 gold pieces.

Inventory:

Hand Weapons
 a - a +0 falchion (weapon)
Armour
 b - a +0 robe (worn)
Scrolls
 d - 2 scrolls of teleportation {unknown}
 e - a scroll of random uselessness {unknown}
 h - a scroll of remove curse {unknown}
 i - a scroll of enchant weapon {unknown}
Comestibles
 c - 3 rations


   Skills:
 + Level 3.4(2.3) Fighting
 * Level 3.2(2.1) Long Blades
 + Level 1.3(0.2) Armour
 + Level 3.2(2.1) Dodging
 - Level 1.7(0.7) Stealth


You had 2 spell levels left.
You didn't know any spells.
Your spell library was empty.

Dungeon Overview and Level Annotations

Branches:
Dungeon (2/15)

Altars:
Gozag
Okawaru


Innate Abilities, Weirdness & Mutations

You have a pair of small antennae on your head.
Your flesh is cold resistant. (rC+)
You are robust. (+10% HP)


Message History

You feel drained.
* * * LOW HITPOINT WARNING * * *
It was a potion of mutation.
You feel extremely strange.
You feel less in control of your magic.
You regain control of your magic.
Your body twists and deforms.
Fur sprouts all over your body.
* * * LOW HITPOINT WARNING * * *
You feel sick. The adder closely misses you.
You riposte.
You slash the adder!
You kill the adder!
The kobold hits you but does no damage.
You feel drained. The kobold completely misses you.
Really quaff the potion of mutation?
Okay, then.
Really quaff the potion of mutation?
You feel extremely strange.
You shed all your fur.
Your body's shape seems more normal.
You feel robust.
You feel resistant to cold.
* * * LOW HITPOINT WARNING * * *
You feel sick. The kobold closely misses you.
The kobold hits you with a +0 dagger.
You die...

################
.......................
########.#######......
#.# #........ ### #.#
#....... ..######.#
#.$.... ...##....#
#..... .#.##..[.#
#..†K# .#.##....#
#..K@# .#..#....#
#..(.# ########.#
####(#### ## #.# #....#
.8#### #.# #....#
..##.# #.# #....#
..8#.# #.#######....#
..##.###.#..........#
.8##..##.#.#####....#


You could see 2 kobolds.

Vanquished Creatures
  An adder (D:2)
  2 oozes (D:2)
  2 worms (D:2)
  2 dart slugs
  A leopard gecko (D:1)
  2 giant cockroaches
  6 goblins
  6 hobgoblins
  3 bats (D:1)
  3 frilled lizards (D:1)
  2 kobolds (D:1)
  7 rats
37 creatures vanquished.

Notes
Turn   | Place    | Note
-------+----------+-------------------------------------------
     0 | D:1      | Lanoc the Demonspawn Monk began the quest for the Orb.
     0 | D:1      | Reached XP level 1. HP: 18/18 MP: 1/1
   229 | D:1      | Gained mutation: You have a pair of small antennae on your
                  | head. [demonic ancestry]
   229 | D:1      | Reached XP level 2. HP: 24/24 MP: 2/2
   506 | D:1      | Reached skill level 1 in Armour
   741 | D:2      | Reached XP level 3. HP: 26/29 MP: 3/3
   750 | D:2      | Found an opulent altar of Gozag.
   840 | D:2      | Found an iron altar of Okawaru.
  1196 | D:2      | Gained mutation: Your spells are a little harder to cast,
                  | but a little more powerful. [potion of mutation]
  1196 | D:2      | Lost mutation: Your spells are a little harder to cast, but
                  | a little more powerful. [potion of mutation]
  1196 | D:2      | Gained mutation: Armour fits poorly on your strangely
                  | shaped body. [potion of mutation]
  1196 | D:2      | Gained mutation: You are covered in fur. (AC +1) [potion of
                  | mutation]
  1197 | D:2      | Lost mutation: You are covered in fur. (AC +1) [potion of
                  | mutation]
  1197 | D:2      | Lost mutation: Armour fits poorly on your strangely shaped
                  | body. [potion of mutation]
  1197 | D:2      | Gained mutation: You are robust. (+10% HP) [potion of
                  | mutation]
  1197 | D:2      | Gained mutation: Your flesh is cold resistant. (rC+)
                  | [potion of mutation]
  1197 | D:2      | Slain by a kobold

Skill      XL: |  1  2  3 |
---------------+----------+-----
Dodging        | 3 |  3.2
Armour         | 1 |  1.3
Long Blades    | 3 |  3.2
Fighting       | |  3.4
Stealth        | |  1.7

Action                   || total
-------------------------++-------
Melee: Falchion          ||   119
  Use: Potion            ||     2
 Stab: Sleeping          ||     1
  Eat: Chunk             ||     1
Armor: Robe              ||    25
Dodge: Dodged            ||   101
       Rpst.: Falchion   ||    33
